TOP OF THE 1ST |
Austin Rangers batting - Pitching for Las Vegas Flamingos : RHP Melvin Haney
|
Pitching: RHP Melvin Haney
|
|
Batting: RHB Tony Hernández
|
0-0: Ball 1-0: Ground out 5-3 (Groundball, 56)
|
Batting: RHB José Muńóz
|
0-0: Called Strike 0-1: Ball 1-1: Called Strike 1-2: Ball 2-2: Ground out 1-3 (Groundball, 13)
|
Batting: SHB Carlos Kramer
|
0-0: Ball 1-0: Ground out 6-3 (Groundball, 6M)
|
Top of the 1st over - 0 run(s), 0 hit(s), 0 error(s), 0 left on base; Austin 0 - Las Vegas 0 |
BOTTOM OF THE 1ST |
Las Vegas Flamingos batting - Pitching for Austin Rangers : RHP Juan Valéncia
|
Pitching: RHP Juan Valéncia
|
|
Batting: RHB Sake van Arem
|
0-0: Ball 1-0: SINGLE (Groundball, 56D)
|
Batting: RHB Ángel López
|
0-0: Ball Sake van Arem is caught stealing 2nd base 1-0: Called Strike 1-1: Foul Ball, location: 2F 1-2: Ball 2-2: Strikes out swinging
|
Batting: LHB Victor Adams
|
0-0: Called Strike 0-1: Ball 1-1: Ball 2-1: SINGLE (Line Drive, 6)
|
Batting: RHB Jeff Young
|
0-0: Foul Ball, location: 2F 0-1: Foul Ball, location: 2F 0-2: Ball 1-2: Strikes out swinging
|
Bottom of the 1st over - 0 run(s), 2 hit(s), 0 error(s), 1 left on base; Austin 0 - Las Vegas 0 |
TOP OF THE 2ND |
Austin Rangers batting - Pitching for Las Vegas Flamingos : RHP Melvin Haney
|
Batting: LHB Jesús Reyes
|
0-0: Ball 1-0: Called Strike 1-1: Ground out 3-1 (Groundball, 34)
|
Batting: LHB Motoshige Kitamura
|
0-0: Ground out U3 (Groundball, 3)
|
Batting: RHB Riley Howard
|
0-0: Fly out, F9 (Flyball, 89XD)
|
Top of the 2nd over - 0 run(s), 0 hit(s), 0 error(s), 0 left on base; Austin 0 - Las Vegas 0 |
BOTTOM OF THE 2ND |
Las Vegas Flamingos batting - Pitching for Austin Rangers : RHP Juan Valéncia
|
Batting: LHB Chris McKinney
|
0-0: Fly out, F7 (Flyball, 7M)
|
Batting: LHB Takahiro Harada
|
0-0: Ball 1-0: Called Strike 1-1: Ground out 4-3 (Groundball, 4)
|
Batting: RHB Steven Talley
|
0-0: Swinging Strike 0-1: Ball 1-1: Ground out 4-3 (Groundball, 4M)
|
Bottom of the 2nd over - 0 run(s), 0 hit(s), 0 error(s), 0 left on base; Austin 0 - Las Vegas 0 |
TOP OF THE 3RD |
Austin Rangers batting - Pitching for Las Vegas Flamingos : RHP Melvin Haney
|
Batting: SHB Juan Sánchez
|
0-0: Called Strike 0-1: Called Strike 0-2: Foul Ball, location: 2F 0-2: Foul Ball, location: 2F 0-2: Ground out 6-3 (Groundball, 6M)
|
Batting: RHB Manny Freitas
|
0-0: Called Strike 0-1: Ball 1-1: Foul Ball, location: 2F 1-2: Ball 2-2: Strikes out looking
|
Batting: RHB Yuji Ine
|
0-0: Ground out 5-3 (Groundball, 5S)
|
Top of the 3rd over - 0 run(s), 0 hit(s), 0 error(s), 0 left on base; Austin 0 - Las Vegas 0 |
BOTTOM OF THE 3RD |
Las Vegas Flamingos batting - Pitching for Austin Rangers : RHP Juan Valéncia
|
Batting: RHB Terry Sylvester
|
0-0: Foul Ball, location: 2F 0-1: Called Strike 0-2: Ball 1-2: Strikes out looking
|
Batting: RHB Jake Hutchinson
|
0-0: Called Strike 0-1: Foul Ball, location: 2F 0-2: Strikes out looking
|
Batting: RHB Sake van Arem
|
0-0: Ball 1-0: Called Strike 1-1: Foul Ball, location: 2F 1-2: Strikes out swinging
|
Bottom of the 3rd over - 0 run(s), 0 hit(s), 0 error(s), 0 left on base; Austin 0 - Las Vegas 0 |
TOP OF THE 4TH |
Austin Rangers batting - Pitching for Las Vegas Flamingos : RHP Melvin Haney
|
Batting: RHB Tony Hernández
|
0-0: Called Strike 0-1: Ball 1-1: Foul Ball, location: 2F 1-2: Ground out 6-3 (Groundball, 6)
|
Batting: RHB José Muńóz
|
0-0: Called Strike 0-1: Foul Ball, location: 2F 0-2: Strikes out swinging
|
Batting: SHB Carlos Kramer
|
0-0: Called Strike 0-1: Fly out, F6 (Popup, 56D)
|
Top of the 4th over - 0 run(s), 0 hit(s), 0 error(s), 0 left on base; Austin 0 - Las Vegas 0 |
BOTTOM OF THE 4TH |
Las Vegas Flamingos batting - Pitching for Austin Rangers : RHP Juan Valéncia
|
Batting: RHB Ángel López
|
0-0: Called Strike 0-1: Ball 1-1: Swinging Strike 1-2: Fly out, F6 (Popup, 6M)
|
Batting: LHB Victor Adams
|
0-0: Foul Ball, location: 2F 0-1: Fly out, F7 (Flyball, 78D)
|
Batting: RHB Jeff Young
|
0-0: Called Strike 0-1: Ball 1-1: Foul Ball, location: 2F 1-2: Ball 2-2: Strikes out swinging
|
Bottom of the 4th over - 0 run(s), 0 hit(s), 0 error(s), 0 left on base; Austin 0 - Las Vegas 0 |
TOP OF THE 5TH |
Austin Rangers batting - Pitching for Las Vegas Flamingos : RHP Melvin Haney
|
Batting: LHB Jesús Reyes
|
0-0: Foul Ball, location: 2F 0-1: Swinging Strike 0-2: Ball 1-2: Ball 2-2: Foul Ball, location: 2F 2-2: Foul Ball, location: 2F 2-2: Strikes out swinging
|
Batting: LHB Motoshige Kitamura
|
0-0: Ground out 4-3 (Groundball, 4)
|
Batting: RHB Riley Howard
|
0-0: Foul Ball, location: 2F 0-1: Ball 1-1: Ball 2-1: Foul Ball, location: 2F 2-2: SOLO HOME RUN (Flyball, 7LD), Distance : 354 ft
|
Batting: SHB Juan Sánchez
|
0-0: Ball 1-0: Foul Ball, location: 2F 1-1: Foul Ball, location: 2F 1-2: Ground out U3 (Groundball, 3)
|
Top of the 5th over - 1 run(s), 1 hit(s), 0 error(s), 0 left on base; Austin 1 - Las Vegas 0 |
BOTTOM OF THE 5TH |
Las Vegas Flamingos batting - Pitching for Austin Rangers : RHP Juan Valéncia
|
Batting: LHB Chris McKinney
|
0-0: Ball 1-0: Called Strike 1-1: Swinging Strike 1-2: Ball 2-2: Strikes out swinging
|
Batting: LHB Takahiro Harada
|
0-0: Called Strike 0-1: Foul Ball, location: 2F 0-2: Ball 1-2: Ball 2-2: Foul Ball, location: 2F 2-2: Ball 3-2: Foul Ball, location: 2F 3-2: Foul Ball, location: 2F 3-2: SINGLE (Flyball, 78S)
|
Batting: RHB Steven Talley
|
0-0: Called Strike 0-1: Foul Ball, location: 2F 0-2: Strikes out swinging
|
Batting: RHB Terry Sylvester
|
0-0: Ball 1-0: Called Strike 1-1: Foul Ball, location: 2F 1-2: Foul Ball, location: 2F 1-2: Fly out, F4 (Popup, 4MS)
|
Bottom of the 5th over - 0 run(s), 1 hit(s), 0 error(s), 1 left on base; Austin 1 - Las Vegas 0 |
TOP OF THE 6TH |
Austin Rangers batting - Pitching for Las Vegas Flamingos : RHP Melvin Haney
|
Batting: RHB Manny Freitas
|
0-0: Ball 1-0: Ball 2-0: Ball 3-0: Base on Balls
|
Batting: RHB Yuji Ine
|
0-0: Called Strike 0-1: Ball 1-1: Foul Ball, location: 2F 1-2: Foul Ball, location: 2F 1-2: Strikes out swinging
|
Batting: RHB Tony Hernández
|
0-0: Ball 1-0: Swinging Strike 1-1: Ball 2-1: Foul Ball, location: 2F 2-2: Foul Ball, location: 2F 2-2: Ball Wild Pitch! Manny Freitas to second 3-2: DOUBLE (Flyball, 8RXD) Manny Freitas scores
|
Batting: RHB José Muńóz
|
0-0: Called Strike 0-1: Called Strike 0-2: Foul Ball, location: 2F 0-2: Hit by Pitch
|
Batting: SHB Carlos Kramer
|
0-0: Called Strike 0-1: Fly out, F3 (Popup, 3S)
|
Batting: LHB Jesús Reyes
|
0-0: Called Strike 0-1: Ball 1-1: Ball 2-1: Ground out 1-3 (Groundball, 15)
|
Top of the 6th over - 1 run(s), 1 hit(s), 0 error(s), 2 left on base; Austin 2 - Las Vegas 0 |
BOTTOM OF THE 6TH |
Las Vegas Flamingos batting - Pitching for Austin Rangers : RHP Juan Valéncia
|
Batting: RHB Jake Hutchinson
|
0-0: Ball 1-0: Called Strike 1-1: Ground out 4-3 (Groundball, 34)
|
Batting: RHB Sake van Arem
|
0-0: Ball 1-0: Ball 2-0: DOUBLE (Groundball, 5L)
|
Batting: RHB Ángel López
|
0-0: Fly out, F9 (Flyball, 9M)
|
Batting: LHB Victor Adams
|
0-0: Ball 1-0: Ball 2-0: Called Strike 2-1: Ball 3-1: Foul Ball, location: 2F 3-2: Strikes out swinging
|
Bottom of the 6th over - 0 run(s), 1 hit(s), 0 error(s), 1 left on base; Austin 2 - Las Vegas 0 |
TOP OF THE 7TH |
Austin Rangers batting - Pitching for Las Vegas Flamingos : RHP Melvin Haney
|
Batting: LHB Motoshige Kitamura
|
0-0: Ball 1-0: Called Strike 1-1: Foul Ball, location: 2F 1-2: Ball 2-2: Fly out, F4 (Popup, 34D)
|
Batting: RHB Riley Howard
|
0-0: Ball 1-0: Called Strike 1-1: Ball 2-1: Foul Ball, location: 2F 2-2: Strikes out looking
|
Batting: SHB Juan Sánchez
|
0-0: Ball 1-0: Ball 2-0: Ball 3-0: Called Strike 3-1: SINGLE (Groundball, 34D)
|
Batting: RHB Manny Freitas
|
0-0: Foul Ball, location: 2F 0-1: Swinging Strike 0-2: Strikes out looking
|
Top of the 7th over - 0 run(s), 1 hit(s), 0 error(s), 1 left on base; Austin 2 - Las Vegas 0 |
BOTTOM OF THE 7TH |
Las Vegas Flamingos batting - Pitching for Austin Rangers : RHP Juan Valéncia
|
Batting: RHB Jeff Young
|
0-0: Ball 1-0: Ground out 5-3 (Groundball, 5L)
|
Batting: LHB Chris McKinney
|
0-0: Ball 1-0: Ball 2-0: Called Strike 2-1: Foul Ball, location: 2F 2-2: Ball 3-2: Base on Balls
|
Batting: LHB Takahiro Harada
|
0-0: Foul Ball, location: 2F 0-1: Ball 1-1: Foul Ball, location: 2F 1-2: Foul Ball, location: 2F 1-2: Ball 2-2: Ball 3-2: Base on Balls Chris McKinney to second
|
Batting: RHB Steven Talley
|
0-0: Called Strike 0-1: Ball 1-1: Foul Ball, location: 2F 1-2: Ball 2-2: Ball 3-2: Base on Balls Chris McKinney to third Takahiro Harada to second
|
Pitching: LHP Han-lee Pak
|
|
Pinch Hitting: SHB Shojiro Kimura
|
0-0: Ball 1-0: Ball 2-0: Ball 3-0: Called Strike 3-1: Foul Ball, location: 2F 3-2: Foul Ball, location: 2F 3-2: Ground out 5-3 (Groundball, 56S) Chris McKinney scores Takahiro Harada to third Steven Talley to second
|
Batting: RHB Jake Hutchinson
|
0-0: Ball 1-0: Called Strike 1-1: Fly out, F9 (Flyball, 9LM)
|
Bottom of the 7th over - 1 run(s), 0 hit(s), 0 error(s), 2 left on base; Austin 2 - Las Vegas 1 |
TOP OF THE 8TH |
Austin Rangers batting - Pitching for Las Vegas Flamingos : RHP Melvin Haney
|
Now in RF: Sinclair van Kooten
|
|
Batting: RHB Yuji Ine
|
0-0: Ball 1-0: Called Strike 1-1: Ground out 6-3 (Groundball, 6)
|
Batting: RHB Tony Hernández
|
0-0: Called Strike 0-1: Ball 1-1: Fly out, F8 (Flyball, 8LM)
|
Batting: RHB José Muńóz
|
0-0: Ball 1-0: Ball 2-0: Ball 3-0: Called Strike 3-1: Swinging Strike 3-2: Ground out 6-3 (Groundball, 6M)
|
Top of the 8th over - 0 run(s), 0 hit(s), 0 error(s), 0 left on base; Austin 2 - Las Vegas 1 |
BOTTOM OF THE 8TH |
Las Vegas Flamingos batting - Pitching for Austin Rangers : LHP Han-lee Pak
|
Pitching: LHP Josh Cox
|
|
Batting: RHB Sake van Arem
|
0-0: Called Strike 0-1: Ball 1-1: Foul Ball, location: 2F 1-2: Ball 2-2: Strikes out looking
|
Batting: RHB Ángel López
|
0-0: Called Strike 0-1: Foul Ball, location: 2F 0-2: Foul Ball, location: 2F 0-2: Foul Ball, location: 2F 0-2: Hit by Pitch
|
Batting: LHB Victor Adams
|
0-0: Grounds into double play, 1-6-3 (Groundball, 15)
|
Bottom of the 8th over - 0 run(s), 0 hit(s), 0 error(s), 0 left on base; Austin 2 - Las Vegas 1 |
TOP OF THE 9TH |
Austin Rangers batting - Pitching for Las Vegas Flamingos : RHP Melvin Haney
|
Batting: SHB Carlos Kramer
|
0-0: Called Strike 0-1: Ball 1-1: Fly out, F5 (Popup, 5SF)
|
Pitching: RHP José Hernández
|
|
Batting: LHB Jesús Reyes
|
0-0: Ball 1-0: Foul Ball, location: 2F 1-1: Foul Ball, location: 2F 1-2: Fly out, F9 (Line Drive, 89D)
|
Batting: LHB Motoshige Kitamura
|
0-0: SINGLE (Line Drive, 8RS)
|
Pinch Hitting: LHB Enrique Sánchez
|
0-0: Called Strike 0-1: Ball 1-1: Swinging Strike 1-2: Fielders Choice at 2nd, U6 (Groundball, 6M)
|
Top of the 9th over - 0 run(s), 1 hit(s), 0 error(s), 1 left on base; Austin 2 - Las Vegas 1 |
BOTTOM OF THE 9TH |
Las Vegas Flamingos batting - Pitching for Austin Rangers : LHP Josh Cox
|
Pitching: RHP Júlio Rodríguez
|
|
Now at 2B: Jon MacIntyre
|
|
Batting: RHB Jeff Young
|
0-0: Fly out, F8 (Flyball, 8LD)
|
Batting: LHB Chris McKinney
|
0-0: Ball 1-0: Ball 2-0: Called Strike 2-1: Foul Ball, location: 2F 2-2: Strikes out looking
|
Batting: LHB Takahiro Harada
|
0-0: Ball 1-0: Ball 2-0: Called Strike 2-1: Called Strike 2-2: Strikes out swinging
|
Bottom of the 9th over - 0 run(s), 0 hit(s), 0 error(s), 0 left on base; Austin 2 - Las Vegas 1 |
|